 Dungeon Crawl Stone Soup version 0.22-a0-274-gf8199ec (webtiles) character file.

191 tidbits the Insei (level 5, -6/41 HPs)
             Began as a Gnoll Transmuter on Mar 13, 2018.
             Killed by nerve-wracking pain
             ... invoked by Grinder
              (10 damage)
             ... on level 5 of the Dungeon.
             The game lasted 00:06:07 (647 turns).

tidbits the Insei (Gnoll Transmuter)                 Turns: 647, Time: 00:06:08

Health: -6/41      AC:  2    Str: 12    XL:     5   Next: 70%
Magic:  1/12       EV: 20    Int: 17    God:
Gold:   79         SH:  0    Dex: 20    Spells: 8/14 levels left

rFire    . . .     SeeInvis .   g - +0 dagger
rCold    . . .     Gourm    .   (no shield)
rNeg     . . .     Faith    .   b - +0 robe
rPois    .         Spirit   .   (no helmet)
rElec    .         Reflect  .   (no cloak)
rCorr    .         Harm     .   (no gloves)
MR       .....                  (no boots)
Stlth    +++.......             (no amulet)
HPRegen  0.13/turn              c - ring of wizardry
MPRegen  0.13/turn              (no ring)

@: agile, very slightly contaminated
A: distributed training, fangs 1, strong nose
a: no special abilities


You were on level 5 of the Dungeon.
You were not hungry.

You visited 1 branch of the dungeon, and saw 5 of its levels.

You collected 79 gold pieces.

Inventory:

Hand Weapons
 g - a +0 dagger (weapon)
 l - a +0 hunting sling
Missiles
 a - 20 arrows
 j - 32 stones (quivered)
Armour
 b - a +0 robe (worn)
 h - a +0 pair of boots
Jewellery
 c - a ring of wizardry (left hand)
   (You found it on level 1 of the Dungeon)
Scrolls
 e - 2 scrolls of remove curse {unknown}
 f - a scroll of identify {unknown}
 i - 2 scrolls of teleportation {unknown}
 n - a scroll of noise {unknown}
Comestibles
 d - 5 rations


   Skills:
 + Level 3.0 Fighting
 + Level 1.5 Short Blades
 + Level 1.5 Long Blades
 + Level 1.5 Axes
 + Level 1.5 Maces & Flails
 + Level 1.5 Polearms
 + Level 1.5 Staves
 + Level 1.5 Slings
 + Level 1.5 Bows
 + Level 1.5 Crossbows
 + Level 1.5 Throwing
 + Level 1.5 Armour
 + Level 4.8 Dodging
 + Level 1.5 Stealth
 + Level 1.5 Shields
 + Level 6.7 Unarmed Combat
 + Level 5.2 Spellcasting
 + Level 1.2 Conjurations
 + Level 1.2 Hexes
 + Level 1.2 Charms
 + Level 1.2 Summonings
 + Level 1.2 Necromancy
 + Level 1.2 Translocations
 + Level 4.0 Transmutations
 + Level 1.2 Fire Magic
 + Level 1.2 Ice Magic
 + Level 1.2 Air Magic
 + Level 1.2 Earth Magic
 + Level 1.2 Poison Magic
 + Level 1.7 Invocations
 + Level 1.5 Evocations


You had 8 spell levels left.
You knew the following spells:

 Your Spells              Type           Power        Failure   Level  Hunger
e - Beastly Appendage     Tmut           ###...       1%          1    None
k - Sticks to Snakes      Tmut           ###.....     1%          2    #......
p - Spider Form           Tmut/Pois      ##........   6%          3    ###....


Dungeon Overview and Level Annotations

Branches:
Dungeon (5/15)
 Temple: D:4-7

Altars:
Dithmenos
Makhleb
Nemelex Xobeh
Okawaru
Sif Muna

Annotations:
D:5 Grinder


Innate Abilities, Weirdness & Mutations

Your experience applies equally to all skills.
You have very sharp teeth.
Your uncanny sense of smell can sniff out nearby items.


Message History

Your Transmutations skill increases to level 4!
You have reached level 5!
Grinder gestures at you.
Your ball python suddenly stops moving!
Casting: Spider Form (safe; 13% risk of failure)
Confirm with . or Enter, or press ? or * to list all spells.
You don't have enough magic to cast that spell.
Grinder gestures at you. Pain shoots through your body!
Unknown command.
Grinder gestures at you.
You suddenly lose the ability to move!
Grinder blinks! x2
Your transformation has ended.
Your +0 robe unmelds from your body.
Grinder hits you but does no damage.
You can move again.
Unknown command.
Unknown command.
Casting: Spider Form (safe; 6% risk of failure)
Confirm with . or Enter, or press ? or * to list all spells.
You don't have enough magic to cast that spell.
You barely miss Grinder.
Grinder is lightly wounded.
Grinder closely misses you.
You hit Grinder.
Grinder is lightly wounded.
Grinder says, "Mostly I couldn't keep them alive."
Grinder barely misses you.
You hit Grinder.
Grinder is lightly wounded.
Grinder misses you.
You closely miss Grinder. Your bite misses Grinder.
Grinder is lightly wounded.
You hit Grinder. Your bite misses Grinder.
Grinder is lightly wounded.
Grinder hits you but does no damage.
Casting: Spider Form (safe; 6% risk of failure)
Confirm with . or Enter, or press ? or * to list all spells.
You miscast Spider Form.
You are very lightly contaminated with residual magic.
Wisps of poison gas drift from your hands.
Grinder misses you.
You closely miss Grinder. You bite Grinder, but do no damage.
Grinder is lightly wounded.
Grinder completely misses you.
You barely miss Grinder. Your bite misses Grinder.
Grinder is lightly wounded.
Grinder closely misses you.
You hit Grinder.
Grinder is moderately wounded.
Your ball python is no longer paralysed.
Your ball python closely misses Grinder.
Your ball python grabs Grinder.
Your ball python constricts Grinder.
Grinder hits you!
You writhe in agony.
* * * LOW HITPOINT WARNING * * *
You punch Grinder!
Grinder is heavily wounded.
Your ball python bites Grinder but does no damage.
Your ball python constricts Grinder.
Grinder hits you!
* * * LOW HITPOINT WARNING * * *
You writhe in agony.
* * * LOW HITPOINT WARNING * * *
You aren't carrying any potions.
Unknown command.
You aren't carrying any potions.
Unknown command.
You hit Grinder.
Grinder is heavily wounded.
Your ball python loses its grip on Grinder.
Your ball python withers and dies!
Grinder hits you.
* * * LOW HITPOINT WARNING * * *
You aren't carrying any potions.
Unknown command.
Fire/throw which item? (* to show all) (? for menu, Esc to quit)
Really fire
m - a throwing net {!f}?
Press: ? - help, Shift-Dir - straight line, f - Grinder
Aim: Grinder (heavily wounded)
You throw a throwing net {!f}. The throwing net {!f} hits Grinder.
Grinder is caught in the net!
Grinder is heavily wounded.
Grinder struggles against the net.
Wield which item (- for none, * to show all)? (? for menu, Esc to quit)
g - a +0 dagger (weapon)
You hit Grinder but do no damage.
Grinder is heavily wounded.
Grinder struggles against the net.
You hit Grinder but do no damage.
Grinder is heavily wounded.
Grinder gestures at you.
You suddenly lose the ability to move!
Grinder struggles against the net.
Grinder says, "You look like you could use a good racking."
Grinder struggles against the net.
You can move again.
Unknown command.
You hit Grinder but do no damage.
Grinder is heavily wounded.
Grinder gestures at you. Pain shoots through your body!
You die...

###########
#.........#
#.........#
#...!.<...#
##.....)...#
.......5@...#
###.........#
+.........#
#..[......#
#.........#
######+####


You could see Grinder (caught).

Vanquished Creatures
  An ogre (D:5)
  2 gnolls
  A worker ant zombie (D:2)
  An adder (D:2)
  2 worms (D:2)
  A leopard gecko (D:2)
  An orc (D:4)
  2 ball pythons
  4 giant cockroaches
  6 goblins
  4 hobgoblins
  6 jackals (D:1)
  2 kobolds
  A quokka (D:2)
  3 bats
  3 rats (D:2)
40 creatures vanquished.

Vanquished Creatures (collateral kills)
  2 gnolls (D:2)
  A rat (D:1)
3 creatures vanquished.

Grand Total: 43 creatures vanquished

Notes
Turn   | Place    | Note
-------+----------+-------------------------------------------
     0 | D:1      | tidbits the Gnoll Transmuter began the quest for the Orb.
     0 | D:1      | Reached XP level 1. HP: 17/17 MP: 6/6
    81 | D:2      | Found an iron altar of Okawaru.
   103 | D:2      | Reached XP level 2. HP: 23/23 MP: 7/7
   107 | D:2      | Learned a level 2 spell: Sticks to Snakes
   141 | D:2      | Found a burning altar of Makhleb.
   232 | D:1      | Reached XP level 3. HP: 12/28 MP: 5/9
   247 | D:1      | Reached skill level 5 in Spellcasting
   254 | D:1      | Learned a level 3 spell: Spider Form
   312 | D:2      | Reached skill level 1 in Invocations
   330 | D:2      | Found a deep blue altar of Sif Muna.
   365 | D:3      | Found a sparkling altar of Nemelex Xobeh.
   377 | D:2      | Found a shadowy altar of Dithmenos.
   399 | D:2      | Reached skill level 1 in Short Blades
   399 | D:2      | Reached skill level 1 in Long Blades
   399 | D:2      | Reached skill level 1 in Axes
   399 | D:2      | Reached skill level 1 in Maces & Flails
   399 | D:2      | Reached skill level 1 in Polearms
   399 | D:2      | Reached skill level 1 in Staves
   399 | D:2      | Reached skill level 1 in Slings
   399 | D:2      | Reached skill level 1 in Bows
   399 | D:2      | Reached skill level 1 in Crossbows
   399 | D:2      | Reached skill level 1 in Throwing
   399 | D:2      | Reached skill level 1 in Armour
   399 | D:2      | Reached skill level 1 in Stealth
   399 | D:2      | Reached skill level 1 in Shields
   399 | D:2      | Reached skill level 1 in Evocations
   414 | D:2      | Reached XP level 4. HP: 25/34 MP: 1/11
   483 | D:2      | Reached skill level 1 in Conjurations
   483 | D:2      | Reached skill level 1 in Hexes
   483 | D:2      | Reached skill level 1 in Charms
   483 | D:2      | Reached skill level 1 in Summonings
   483 | D:2      | Reached skill level 1 in Necromancy
   483 | D:2      | Reached skill level 1 in Translocations
   483 | D:2      | Reached skill level 1 in Fire Magic
   483 | D:2      | Reached skill level 1 in Ice Magic
   483 | D:2      | Reached skill level 1 in Air Magic
   483 | D:2      | Reached skill level 1 in Earth Magic
   483 | D:2      | Reached skill level 1 in Poison Magic
   611 | D:5      | Entered Level 5 of the Dungeon
   611 | D:5      | Noticed Grinder
   611 | D:5      | Noticed an ogre
   622 | D:5      | Killed an ogre
   622 | D:5      | Reached skill level 3 in Fighting
   622 | D:5      | Reached skill level 4 in Transmutations
   622 | D:5      | Reached XP level 5. HP: 34/41 MP: 1/12
   624 | D:5      | Paralysed by Grinder for 6 turns
   640 | D:5      | HP: 3/41 [Grinder (3)]
   644 | D:5      | Paralysed by Grinder for 2 turns
   647 | D:5      | Killed from afar by Grinder

Vault maps used:
D:1:      dpeg_arrival_refuge, grunt_decor_resistance
D:2:      okawaru_trees_2, nicolae_overflow_crystal_walls,
          overflow_temple_1_default, first_ration,
          nicolae_dithmenos_shadow_blocks
D:3:      lemuel_round_altar, overflow_temple_1_default, lemuel_round_altar,
          nemelex_xobeh_ov_fountains_minmay, minmay_door_square
D:4:      uniq_edmund, uniq_ijyb, uniq_purgy
D:5:      kennysheep_little_box, tgw_trog, uniq_menkaure, uniq_grinder,
          uniq_prince_ribbit1

Skill      XL: |  1  2  3  4 |
---------------+-------------+-----
Spellcasting   | 5 |  5.2
Invocations    | 1 |  1.7
Short Blades   | 1 |  1.5
Long Blades    | 1 |  1.5
Axes           | 1 |  1.5
Maces & Flails | 1 |  1.5
Polearms       | 1 |  1.5
Staves         | 1 |  1.5
Slings         | 1 |  1.5
Bows           | 1 |  1.5
Crossbows      | 1 |  1.5
Throwing       | 1 |  1.5
Armour         | 1 |  1.5
Stealth        | 1 |  1.5
Shields        | 1 |  1.5
Evocations     | 1 |  1.5
Conjurations   | 1 |  1.2
Hexes          | 1 |  1.2
Charms         | 1 |  1.2
Summonings     | 1 |  1.2
Necromancy     | 1 |  1.2
Translocations | 1 |  1.2
Fire Magic     | 1 |  1.2
Ice Magic      | 1 |  1.2
Air Magic      | 1 |  1.2
Earth Magic    | 1 |  1.2
Poison Magic   | 1 |  1.2
Fighting       | 3 |  3.0
Transmutations | 4 |  4.0
Dodging        | |  4.8
Unarmed Combat | |  6.7

Action                   |  1- 3 |  4- 6 || total
-------------------------+-------+-------++-------
Melee: Unarmed           |    62 |    41 ||   103
       Headbutt          |     6 |       ||     6
       Bite              |     1 |     1 ||     2
       Punch             |     1 |       ||     1
       Dagger            |       |     3 ||     3
Throw: Throwing net      |       |     1 ||     1
 Cast: Beastly Appendage |     6 |     1 ||     7
       Sticks to Snakes  |     6 |     3 ||     9
       Spider Form       |     5 |     5 ||    10
  Use: Potion            |     1 |     1 ||     2
Armor: Robe              |     8 |     2 ||    10
       Skin              |     2 |       ||     2
Dodge: Dodged            |    58 |    24 ||    82

Table legend:
 A = Spawn XP
 B = Non-spawn XP
 C = Spawn XP percentage of total XP
 D = Spawn monster count
 E = Non-spawn monster count
 F = Spawn count percentage of total count
 G = Total turns spent on level
                    A         B        C        D         E        F      G
               +---------+---------+-------+---------+---------+-------+---------
         Total |       0 |     273 |   0.0 |       0 |      43 |   0.0 |   647
               +---------+---------+-------+---------+---------+-------+---------
           D:1 |       0 |      36 |   0.0 |       0 |      13 |   0.0 |   233
           D:2 |       0 |     106 |   0.0 |       0 |      23 |   0.0 |   236
           D:3 |       0 |       6 |   0.0 |       0 |       3 |   0.0 |    73
           D:4 |       0 |       7 |   0.0 |       0 |       3 |   0.0 |    69
           D:5 |       0 |     118 |   0.0 |       0 |       1 |   0.0 |    36
               +---------+---------+-------+---------+---------+-------+---------

Table legend:
 A = Turns spent in this place as a percentage of turns spent in the entire game.
 B = Non-inter-level travel turns spent in this place as a percentage of non-inter-level travel turns spent in the entire game.
 C = Inter-level travel turns spent in this place as a percentage of turns spent in this place.
 D = Turns resting spent in this place as a percentage of non-inter-level travel turns spent in this place.
 E = Turns spent auto-exploring this place as a percentage of non-inter-level travel turns spent in this place.
 F = Non-inter-level travel turns spent in this place divided by the number of levels of this place that you've seen.
                   A       B       C       D       E      F
               +-------+-------+-------+-------+-------+----------------------
         Total | 100.0 | 100.0 |   0.0 |   0.0 |   0.0 | 129.4
       Dungeon | 100.0 | 100.0 |   0.0 |   0.0 |   0.0 | 129.4
               +-------+-------+-------+-------+-------+----------------------

Table legend:
 A = Kills in this place as a percentage of kills in entire the game.
 B = Kills by you in this place as a percentage of kills by you in the entire game.
 C = Kills by friends in this place as a percentage of kills by friends in the entire game.
 D = Other kills in this place as a percentage of other kills in the entire game.
 E = Experience gained in this place as a percentage of experience gained in the entire game.
 F = Experience gained in this place divided by the number of levels of this place that you have seen.
                   A       B       C       D       E      F
               +-------+-------+-------+-------+-------+----------------------
         Total | 100.0 | 100.0 | 100.0 |   N/A | 100.0 |  54.6
       Dungeon | 100.0 | 100.0 | 100.0 |   N/A | 100.0 |  54.6
               +-------+-------+-------+-------+-------+----------------------

Vault maps used:
D:1:      dpeg_arrival_refuge, grunt_decor_resistance
D:2:      okawaru_trees_2, nicolae_overflow_crystal_walls,
          overflow_temple_1_default, first_ration,
          nicolae_dithmenos_shadow_blocks
D:3:      lemuel_round_altar, overflow_temple_1_default, lemuel_round_altar,
          nemelex_xobeh_ov_fountains_minmay, minmay_door_square
D:4:      uniq_edmund, uniq_ijyb, uniq_purgy
D:5:      kennysheep_little_box, tgw_trog, uniq_menkaure, uniq_grinder,
          uniq_prince_ribbit1
